AoeStats
← deekzor

Arabia

510197555Analyzed
1v1 RM · 2d ago on Sep 29, 2026· 30m 48s· 2 players
Game mode
Random Map
Map size
Tiny (2 player)
Population
200
Speed
Normal
Resources
Standard
Victory
Conquest
Starting age
Dark Age
Ending age
Imperial Age
RankedLock teamsTeams togetherTeam positionsShared explorationLock speedFull tech treeHidden civsTurbo modeCheats
Victory
Defeat
🇦🇷 Persians · Argentina
951
+16
🇺🇸 Vietnamese · United States
957
-16
Downk
2:35 Loom
14:25 Feudal Age
17:27 Double-Bit Axe
22:40 Castle Age
20:42 Horse Collar
21:24 Scale Barding Armor
21:24 Gold Mining
23:03 Wheelbarrow
23:35 Forging
24:16 Chain Barding Armor
25:05 Bloodlines
26:20 Husbandry
27:28 Heavy Plow
28:10 Bow Saw
deekzor
8:26 Loom
11:44 Feudal Age
12:17 Double-Bit Axe
17:18 Horse Collar
23:07 Wheelbarrow
25:28 Castle Age
23:39 Gold Mining
24:36 Fletching
25:29 Crossbowman
26:07 Bodkin Arrow
29:49 Pikeman
30:32 Scale Mail Armor
Connection lost

Rejoining the realm…

Still unreachable

The connection could not be restored.

Session expired

The server has moved on; the page needs a fresh start.